 Dungeon Crawl Stone Soup version 0.31-a0-489-g282fc92437 (webtiles) character file.

Game seed: 17459476289968053862

59 Ethylacetat the Sneak (level 4, -2/31 HPs)
             Began as an Octopode Brigand on Aug 8, 2023.
             Slain by a kobold
             ... wielding a +0 short sword
              (5 damage)
             ... on level 2 of the Dungeon.
             The game lasted 00:01:02 (937 turns).

Ethylacetat the Sneak (Octopode Brigand)             Turns: 937, Time: 00:01:03

Health: -2/31      AC:  1    Str: 10    XL:     4   Next: 3%
Magic:  4/4        EV: 14    Int: 13    God:
Gold:   57         SH:  0    Dex: 21    Spells: 3/3 levels left

rFire   . . .        a - +2 dagger
rCold   . . .        (no shield)
rNeg    . . .        (helmet restricted)
rPois   .            (no amulet)
rElec   .            g - +6 ring of dexterity
rCorr   .            (no ring)
SInv    .            (no ring)
Will    .....        (no ring)
Stlth   ++++         (no ring)
HPRegen 0.25/turn    (no ring)
MPRegen 0.09/turn    (no ring)
                     (no ring)

%: no passive effects
@: no status effects
A: almost no armour, amphibious, 8 rings, camouflage 1, gelatinous body 1,
(nimble swimmer 1), tentacles
a: no special abilities


You were on level 2 of the Dungeon.
You visited 1 branch of the dungeon, and saw 2 of its levels.

You collected 57 gold pieces.

Inventory:

Hand Weapons
 a - a +2 dagger (weapon)
Missiles
 b - 9 poisoned darts (quivered)
 c - 3 curare-tipped darts
Jewellery
 g - a +6 ring of dexterity (left tentacle)
Scrolls
 d - a scroll of revelation {unknown}
 h - 2 scrolls of poison {unknown}
 j - a scroll of immolation {unknown}
 l - a scroll of identify {unknown}
 m - a scroll of fear {unknown}
Potions
 e - a potion of enlightenment {unknown}
 f - a potion of heal wounds {unknown}
 i - a potion of degeneration {unknown}
 k - a potion of attraction {unknown}


   Skills:
 + Level 3.2 Fighting
 - Level 2.0 Short Blades
 - Level 2.0 Throwing
 + Level 2.6 Dodging
 - Level 5.3 Stealth


You had 3 spell levels left.
You didn't know any spells.
Your spell library was empty.

Dungeon Overview and Level Annotations

Branches:
Dungeon (2/15)

Altars:


Innate Abilities, Weirdness & Mutations

You cannot wear most types of armour.
You are amphibious.
You can wear up to eight rings at the same time.
Your skin changes colour to match your surroundings (Stealth+).
Your rubbery body absorbs attacks. (AC +1, EV +1)
((You are camouflaged when in or above water. (Stealth+)))
You have tentacles for arms and can constrict up to eight enemies at once.


Message History

The giant cockroach barely misses you. The kobold hits you with a +0 whip.
The kobold misses you. The kobold closely misses you.
You barely miss the kobold. You grab the kobold. You constrict the kobold.
The giant cockroach closely misses you. The kobold misses you.
The kobold hits you with a +0 short sword.
The giant cockroach barely misses you. The kobold closely misses you.
Unknown command.
You hit the kobold.
You kill the kobold!
The giant cockroach misses you.
You hit the giant cockroach but do no damage.
Your grab misses the giant cockroach.
Your squeeze misses the giant cockroach.
The kobold hits you with a +0 short sword.
The kobold hits you with a +0 whip. The giant cockroach closely misses you.
Unknown command.
You hit the giant cockroach. You grab the giant cockroach.
You squeeze the giant cockroach.
The giant cockroach is heavily wounded.
You constrict the giant cockroach, but do no damage.
The kobold closely misses you. The kobold hits you with a +0 whip.
* * * LOW HITPOINT WARNING * * *
The giant cockroach closely misses you.
You hit the giant cockroach.
The giant cockroach is heavily wounded.
You constrict the giant cockroach. The kobold barely misses you.
The kobold hits you with a +0 whip.
* * * LOW HITPOINT WARNING * * *
The giant cockroach misses you.
Unknown command.
You hit the giant cockroach.
You kill the giant cockroach!
The kobold barely misses you. The kobold misses you.
You hit the endoplasm. You squeeze the endoplasm.
The endoplasm is severely wounded.
The kobold hits you with a +0 whip.
* * * LOW HITPOINT WARNING * * *
The endoplasm completely misses you.
The kobold hits you with a +0 short sword.
You die...

###########
##.J).......
#..K@......#
#..K#####.?#
#.?..#
#.#..K#
#.##..!B #.
#K#J# #
K(..# .#...#
###...


You could see an endoplasm and 2 kobolds.

Vanquished Creatures
  3 adders (D:2)
  A dart slug (D:1)
  3 giant cockroaches
  3 hobgoblins (D:1)
  4 jackals (D:1)
  2 quokkas (D:1)
  A ball python (D:1)
  A bat (D:1)
  2 frilled lizards (D:1)
  4 goblins
  4 kobolds
  4 rats
32 creatures vanquished.

Notes
Turn   | Place    | Note
-------+----------+-------------------------------------------
     0 | D:1      | Ethylacetat the Octopode Brigand began the quest for the
                  | Orb.
     0 | D:1      | Reached XP level 1. HP: 14/14 MP: 1/1
   147 | D:1      | Reached XP level 2. HP: 20/20 MP: 2/2
   616 | D:1      | Reached XP level 3. HP: 22/25 MP: 3/3
   930 | D:2      | Reached XP level 4. HP: 24/31 MP: 4/4
   937 | D:2      | Slain by a kobold

Illustrated notes

Levels and vault maps discovered:
D:1:      amcnicky_arrival_double_pillar, layout_basic, minmay_pentomino_v2
D:2:      layout_loops_ring, basic_altar, nicolae_ecumenical_oubliette,
          minmay_circle_x

Skill      XL: |  1  2  3 |
---------------+----------+-----
Dodging        | 2 |  2.6
Fighting       | 3 |  3.2
Short Blades   | |  2.0
Throwing       | |  2.0
Stealth        | |  5.3

Action                     |  1- 3 |  4- 6 || total
---------------------------+-------+-------++-------
  Melee: Dagger            |    62 |     8 ||    70
         Constrict         |    12 |     2 ||    14
         Tentacles         |    10 |     2 ||    12
   Stab: Sleeping          |    11 |       ||    11
 Armour: Skin              |     3 |       ||     3
  Dodge: Dodged            |    29 |    16 ||    45

Table legend: (Time is in decaauts)
 A = Elapsed time spent in this place.
 B = Non-inter-level travel time spent in this place.
 C = Inter-level travel time spent in this place.
 D = Time resting spent in this place.
 E = Time spent auto-exploring this place.
 F = Levels seen in this place.
 G = Mean time per level.
                   A        B        C        D        E       F      G
               +--------+--------+--------+--------+--------+-----+--------+
         Total |    929 |    911 |     18 |      0 |    747 |   2 |  464.5 |
       Dungeon |    929 |    911 |     18 |      0 |    747 |   2 |  464.5 |
               +--------+--------+--------+--------+--------+-----+--------+

Top non-repeatable levels by time:
     D:1: 743 daAuts
     D:2: 186 daAuts
